cohdb
Replays
Latest Replays
All Replays
Popular Replays
Top Player Replays
Match Explorer
How It Works
Community
CoH3 Stats
Reddit
Sign in to upload your games and track your stats! →
Sign in with Steam
Match 43826076
Unlisted
Match 43826076
Overview
Messages
Build Orders
End
Vickers Machine Gun Team
Construct Section Command Post
Royal Engineer Section
Dingo Light Scout Car
Dingo Light Scout Car
Construct Platoon Command Post
Selects Heavy Armor Battlegroup
Selects Rigorous Vehicle Training
Selects Forward Repair Assembly
6-pounder Anti-tank Gun Team
CMP 15cwt Truck
Humber Armored Car
Construct Company Command Post
Foot Guards Section
Foot Guards Section
juve1975
Rolling Papers
Arannard
.-.,,-.,.-,
Ali the Shaman
taox
pfeiffer
Setto030
0
0
Comments
sign in to comment!
No comments posted yet!